 Dungeon Crawl Stone Soup version 0.19-a0-14-gde87d98 (webtiles) character file.

21 Duffy the Chopper (level 3, -4/27 HPs)
             Began as a Formicid Warper on Apr 29, 2016.
             Slain by a kobold
             ... wielding a +2 whip of flaming
              (5 damage)
             ... on level 1 of the Dungeon.
             The game lasted 00:00:37 (844 turns).

Duffy the Chopper (Formicid Warper)                  Turns: 844, Time: 00:00:38

Health: -4/27      AC:  3    Str: 16    XL:     3   Next: 5%
Magic:  6/6        EV: 11    Int: 12    God:
Gold:   38         SH:  0    Dex: 10    Spells: 1 memorised, 5 levels left

rFire  . . .     SeeInvis +     a - +0 hand axe
rCold  . . .     Gourm    .     b - +0 leather armour
rNeg   . . .     Faith    .     (no shield)
rPois  .         Spirit   .     (helmet unavailable)
rElec  .         Dismiss  .     (no cloak)
rCorr  .         Reflect  .     (no gloves)
SustAt .         Harm     .     (no boots)
MR     .....                    (no amulet)
Stlth  +.........               (no ring)
                                (no ring)

@: not resistant to hostile enchantments, very unstealthy
A: permanent stasis, dig shafts and tunnels, four strong arms, antennae 3
a: Dig, Shaft Self


You were on level 1 of the Dungeon.
You were not hungry.

You visited 1 branch of the dungeon, and saw 1 of its levels.

You collected 38 gold pieces.


Innate Abilities, Weirdness & Mutations

You are under a permanent stasis effect.
You can dig through walls and to a lower floor.
Your four strong arms can wield two-handed weapons with a shield.
You have a pair of large antennae on your head (SInv).


   Skills:
 - Level 2.1 Fighting
 + Level 3.3 Axes
 - Level 1.0 Throwing
 - Level 1.1 Armour
 - Level 1.7 Dodging
 - Level 2.1 Spellcasting
 - Level 2.6 Translocations


You had 5 spell levels left.
You knew the following spells:

 Your Spells              Type           Power        Failure   Level  Hunger
a - Apportation           Tloc           #.........   12%         1    ##.....

Inventory:

Hand Weapons
 a - a +0 hand axe (weapon)
Missiles
 e - 5 tomahawks of dispersal (quivered)
Armour
 b - a +0 leather armour (worn)
Scrolls
 d - a scroll of blinking
 h - 2 scrolls of recharging {unknown}
Potions
 g - 2 potions of curing {unknown}
Books
 c - a book of Spatial Translocations
Comestibles
 f - a bread ration

Dungeon Overview and Level Annotations

Branches:
Dungeon (1/15)

Altars:


Message History

No target in view!
You see here a bat corpse.
You see here a whip.
h - 2 scrolls labeled GITTUA GISHRI A goblin comes into view.
It is wielding a club.
The goblin shouts!
A goblin is nearby!
Found a scroll labeled MEMNIW QUHUNI.
A hobgoblin comes into view.
The hobgoblin shouts!
A kobold comes into view. It is wielding a whip of flaming.
The kobold shouts!
The goblin hits you but does no damage.
You closely miss the goblin.
The kobold throws a stone.
The stone hits you. The goblin hits you with a club.
You hit the goblin.
The goblin is heavily wounded.
The goblin hits you with a club.
You hit the goblin.
The goblin is severely wounded.
The kobold throws a stone.
The stone closely misses you. The goblin hits you but does no damage.
You slash the goblin!
You kill the goblin!
You have reached level 3!
Your experience leads to an increase in your attributes!
Increase (S)trength, (I)ntelligence, or (D)exterity?
You feel stronger.
You closely miss the hobgoblin. The hobgoblin hits you.
You barely miss the hobgoblin. The hobgoblin barely misses you.
You barely miss the hobgoblin. The hobgoblin hits you.
You barely miss the hobgoblin. The hobgoblin hits you.
You hit the hobgoblin.
The hobgoblin is almost dead.
The hobgoblin hits you.
You closely miss the hobgoblin.
The hobgoblin is almost dead.
The hobgoblin closely misses you.
You hit the hobgoblin.
You kill the hobgoblin!
The kobold throws a stone.
The stone closely misses you.
You swing at nothing.
The kobold throws a stone.
The stone barely misses you.
You swing at nothing.
You closely miss the kobold.
The kobold hits you with a whip of flaming.
The kobold burns you.
You hit the kobold but do no damage. The kobold barely misses you.
You barely miss the kobold.
The kobold hits you with a whip of flaming.
You die...

..........#...#
#..#####...#
..........#.#.
##..#......#
#.............
#.....####.##
##......#..#
#######.#.### #...
########...#
#.......#.#########
#.....##.#....#........#
#
........(#....#........#
.......(##....#........#
.......)K@...(#........#
#......###....#..%)..(.#
#...... #....#........#
.?.....
#............%###
.......
#....#...........
.......
#################
#.....# #


You could see a kobold.

Action                   || total
-------------------------++-------
Melee: Hand axe          ||    68
Armor: Leather armour    ||    25
Dodge: Dodged            ||    45

Notes
Turn   | Place    | Note
--------------------------------------------------------------
     0 | D:1      | Duffy the Formicid Warper began the quest for the Orb.
     0 | D:1      | Reached XP level 1. HP: 16/16 MP: 3/3
    84 | D:1      | Reached XP level 2. HP: 6/22 MP: 5/5
   690 | D:1      | Reached skill level 3 in Axes
   831 | D:1      | Reached XP level 3. HP: 16/27 MP: 6/6
   844 | D:1      | Slain by a kobold

Skill      XL: |  1  2 |
---------------+-------+-----
Axes           | 3 |  3.3
Fighting       | |  2.1
Throwing       | |  1.0
Armour         | |  1.1
Dodging        | |  1.7
Spellcasting   | |  2.1
Translocations | |  2.6

Vault maps used:
D:1:      elethiomel_arrival_quiet

Vanquished Creatures
  2 giant geckos
  A giant cockroach
  6 goblins
  2 hobgoblins
  A bat
  2 giant newts
  3 kobolds
17 creatures vanquished.
